 Dungeon Crawl Stone Soup version 0.28.0-53-g5a82cb258f (webtiles) character file.

Game seed: 7171501562271670894

15103 ILmort the Warrior (level 11, -7/112 HPs)
             Began as a Minotaur Berserker on Aug 3, 2022.
             Was a Priest of Trog.
             Killed from afar by an oklob plant (17 damage)
             ... with a splash of acid
             ... on level 3 of the Lair of Beasts.
             The game lasted 01:19:36 (16423 turns).

ILmort the Warrior (Minotaur Berserker)            Turns: 16423, Time: 01:19:37

Health: -7/112     AC: 13    Str: 37    XL:     11   Next: 97%
Magic:  0/10       EV:  8    Int:  4    God:    Trog [***...]
Gold:   718        SH:  8    Dex: 11    Spells: 10/10 levels left

rFire   . . .      SeeInvis .   H - +4 hand axe (freeze)
rCold   . . .      Faith    .   D - +2 kite shield
rNeg    + . .      Spirit   +   L - +5 chain mail {rN+}
rPois   .          Reflect  .   (helmet restricted)
rElec   .          Harm     .   F - +0 cloak
rCorr   .          Rampage  .   g - +0 pair of gloves
Will    .....                   S - +0 pair of boots
Stlth   ..........              l - amulet of guardian spirit
HPRegen 0.28/turn               G - +6 ring of strength
MPRegen 0.12/turn               B - +6 ring of strength

@: about to teleport, corroded, on berserk cooldown, slowed, very slow
A: horns 2, retaliatory headbutt
a: Renounce Religion, Berserk, Trog's Hand


You were on level 3 of the Lair of Beasts.
You worshipped Trog.
Trog was most pleased with you.
You visited 3 branches of the dungeon, and saw 15 of its levels.

You collected 1070 gold pieces.
You spent 352 gold pieces at shops.

Inventory:

Hand Weapons
 a - a +1 hand axe
 u - a +0 longbow
 y - a +1 war axe
 H - a +4 hand axe of freezing (weapon)
 T - a +3 war axe
 Z - a +7 demon trident
Missiles
 n - 238 arrows
Armour
 b - a +1 animal skin
 g - a +0 pair of gloves (worn)
 D - a +2 kite shield (worn)
 F - a +0 cloak (worn)
 L - a +5 chain mail of positive energy (worn)
 S - a +0 pair of boots (worn)
 W - a +0 pair of boots
Jewellery
 l - an amulet of guardian spirit (around neck)
 p - a ring of resist corrosion
 B - a +6 ring of strength (right hand)
 C - a ring of see invisible
 G - a +6 ring of strength (left hand)
 O - a ring of poison resistance
 P - a ring of ice
 V - a ring of flight
Wands
 z - a wand of polymorph (6)
 A - a wand of iceblast (2)
 E - a wand of charming (8)
 K - a wand of paralysis (9)
 R - a wand of flame (6)
 Y - a wand of acid (10)
Scrolls
 d - 2 scrolls of vulnerability
 e - 2 scrolls of enchant weapon
 f - 4 scrolls of blinking
 h - a scroll of enchant armour
 i - a scroll of immolation
 k - 6 scrolls of identify
 x - 2 scrolls of teleportation
 J - 2 scrolls of fear
 X - a scroll of brand weapon {unknown}
Potions
 c - 3 potions of flight
 j - a potion of cancellation
 m - a potion of lignification
 o - 3 potions of degeneration
 q - 2 potions of mutation {unknown}
 r - 6 potions of curing
 s - 2 potions of magic {unknown}
 t - 2 potions of berserk rage {unknown}
 v - a potion of invisibility {unknown}
 w - 3 potions of brilliance {unknown}
 I - 5 potions of heal wounds {unknown}
 M - a potion of might {unknown}
 N - 3 potions of attraction {unknown}
 U - a potion of haste {unknown}
Miscellaneous
 Q - a condenser vane


   Skills:
 + Level 15.2 Fighting
 + Level 15.1 Axes
 + Level 10.3 Armour
 - Level 2.1 Dodging


You had 10 spell levels left.
You didn't know any spells.
Your spell library contained the following spells:

 Spells                   Type           Power      Damage    Failure   Level
 Frozen Ramparts          Ice            0%         1d2       100%        3
 Ice Form                 Ice/Tmut       0%         N/A       100%        4
 Summon Ice Beast         Ice/Summ       0%         N/A       100%        4


Dungeon Overview and Level Annotations

Branches:
Dungeon (11/15)            Temple (1/1) D:7            Lair (3/6) D:8
 Shoals (0/4) Lair:2       Spider (0/4) Lair:2
    Orc: D:9-12

Altars:
Ashenzari
Cheibriados
Dithmenos
Elyvilon
Fedhas
Gozag
Hepliaklqana
Kikubaaqudgha
Makhleb
Nemelex Xobeh
Okawaru
Qazlal
Ru
Sif Muna
Trog
Uskayaw
Vehumet
Wu Jian
Xom
Yredelemnul
Zin
The Shining One

Shops:
D:9 [*

Annotations:
Lair:3 exclusion: 5 oklob plants


Innate Abilities, Weirdness & Mutations

You have a pair of horns on your head.
You reflexively headbutt those who attack you in melee.


Message History

The splash of acid hits you but does no damage.
The oklob plant spits acid at you. The splash of acid hits you!
You feel a strong urge to attack something.
You are no longer berserk.
You are exhausted.
You feel yourself slow down.
You see here 36 gold pieces.
The oklob plant spits acid at you.
The splash of acid hits you but does no damage.
You hit the oklob plant. You freeze the oklob plant.
The oklob plant is lightly damaged.
You slash the oklob plant! You freeze the oklob plant.
The oklob plant spits acid at you. The splash of acid hits you!!
You hit the oklob plant but do no damage.
The oklob plant is lightly damaged.
You hit the oklob plant. You freeze the oklob plant.
The oklob plant spits acid at you. The splash of acid misses you.
The splash of acid hits the oklob plant.
The oklob plant completely resists.
The oklob plant spits acid at you. The splash of acid hits you!!
The acid corrodes you! The oklob plant spits acid at you.
The splash of acid hits you! The acid corrodes you!
The oklob plant spits acid at you. The splash of acid hits you!!
* * * LOW HITPOINT WARNING * * *
The acid corrodes you!
You hit the oklob plant. You freeze the oklob plant.
The oklob plant is moderately damaged.
You hit the oklob plant but do no damage.
The oklob plant spits acid at you. You block the splash of acid.
As you read the scroll of teleportation, it crumbles to dust.
You feel strangely unstable. The oklob plant spits acid at you.
The splash of acid hits you!!
You die...

###.)...)...###
.##.#......##
.....#....##
..........# ##
....:###..####.#
.....#
##.##..#######
....P#
#.#.#..P$$.!$#
...###
##.......PP!.#
..##
###....$@..P#
..# #....?$.$$#
.## #...P.P[|.#
## ##..#######
.# #...#...# ##
##.....## #
#.#...## #
###.### #..#


You could see 4 oklob plants.

Vanquished Creatures
  The ghost of Uilleam the Fighter, a journeyman MiAK of Lugonu (D:11)
  A boulder beetle (D:11)
  A two-headed ogre (D:9)
  Urug (Lair:3)
  8 elephants
  Joseph (D:10)
  A cane toad (Lair:1)
  4 komodo dragons
  2 trolls
  7 blink frogs
  Prince Ribbit (D:6)
  A vampire (D:10)
  A wyvern (Lair:3)
  10 yaks
  A basilisk (Lair:2)
  A steam dragon (D:8)
  5 water moccasins
  2 orc warriors
  A black bear (D:7)
  2 ice beasts
  2 necrophages
  4 wolves (Lair:1)
  3 ogres
  4 centaurs
  3 phantoms
  3 bullfrogs
  2 gnoll sergeants
  2 scorpions
  2 water moccasin zombies
  3 killer bees (D:10)
  9 wights
  A bullfrog zombie (D:6)
  A centaur zombie (D:7)
  5 hounds
  4 orc priests
  Crazy Yiuf (D:7)
  2 centaur skeletons
  4 iguanas
  14 orc wizards
  A scorpion zombie (D:5)
  2 killer bee zombies
  A howler monkey zombie (D:10)
  A mummy (D:6)
  11 gnolls
  6 adders
  A shadow imp (D:7)
  2 white imps
  An adder zombie (D:5)
  An adder skeleton (D:4)
  A worm (D:5)
  2 dart slugs
  21 orcs
  5 endoplasms
  7 giant cockroaches
  9 goblins
  11 hobgoblins
  4 jackals (D:5)
  7 ball pythons
  7 bats
  A frilled lizard (D:1)
  6 kobolds
  A kobold zombie (D:6)
  An orc zombie (D:6)
  5 rats
  A plant (Lair:3)
  4 toadstools (D:10)
241 creatures vanquished.

Vanquished Creatures (others)
  An orc wizard (D:11)
  An orc (D:8)
  19 fungi
  8 plants
29 creatures vanquished.

Grand Total: 270 creatures vanquished

Notes
Turn   | Place    | Note
-------+----------+-------------------------------------------
     0 | D:1      | ILmort the Minotaur Berserker began the quest for the Orb.
     0 | D:1      | Reached XP level 1. HP: 19/19 MP: 0/0
   202 | D:1      | You fall into a shaft and drop 1 floor!
   211 | D:2      | Reached XP level 2. HP: 27/27 MP: 1/1
   844 | D:1      | Reached XP level 3. HP: 32/34 MP: 2/2
  1579 | D:2      | Found a faded altar of an unknown god.
  1714 | D:2      | Found a basalt altar of Yredelemnul.
  2279 | D:2      | Reached XP level 4. HP: 41/41 MP: 3/3
  2306 | D:2      | Reached skill level 5 in Fighting
  2474 | D:3      | Found a stormy altar of Qazlal.
  2490 | D:3      | Reached skill level 5 in Axes
  2620 | D:3      | Reached ** piety under Trog
  2842 | D:3      | Reached XP level 5. HP: 47/48 MP: 4/4
  3441 | D:4      | Found a hide-covered altar of Uskayaw.
  3510 | D:4      | Noticed a necrophage
  3521 | D:4      | Killed a necrophage
  3854 | D:4      | Found a basalt altar of Yredelemnul.
  3911 | D:4      | Noticed a phantom
  3919 | D:4      | Killed a phantom
  3920 | D:4      | Reached XP level 6. HP: 49/58 MP: 5/5
  4229 | D:5      | Entered Level 5 of the Dungeon
  4274 | D:5      | Reached XP level 7. HP: 53/66 MP: 4/6
  4930 | D:5      | Found a sacrificial altar of Ru.
  5530 | D:5      | Found a glowing golden altar of the Shining One.
  5691 | D:6      | Reached XP level 8. HP: 75/75 MP: 7/7
  6020 | D:6      | Found an opulent altar of Gozag.
  6059 | D:6      | Found a bloodstained altar of Trog.
  6328 | D:6      | Found a hazy altar of Hepliaklqana.
  6334 | D:6      | Found an iron altar of Okawaru.
  6337 | D:6      | Noticed Prince Ribbit
  6375 | D:6      | Killed Prince Ribbit
  6376 | D:6      | Reached skill level 10 in Fighting
  6376 | D:6      | Reached skill level 10 in Axes
  6512 | D:6      | Reached *** piety under Trog
  7205 | D:7      | Found a staircase to the Ecumenical Temple.
  7244 | D:7      | Reached XP level 9. HP: 86/86 MP: 8/8
  8192 | D:7      | Found a runed translucent door.
  8193 | D:7      | Noticed Crazy Yiuf
  8199 | D:7      | Killed Crazy Yiuf
  9390 | D:8      | Found a staircase to the Lair.
  9989 | D:8      | Found a shimmering blue altar of Sif Muna.
  9995 | D:8      | Reached **** piety under Trog
 10024 | D:8      | Found an ancient bone altar of Kikubaaqudgha.
 10042 | D:8      | Found a radiant altar of Vehumet.
 10257 | D:9      | Noticed a troll
 10270 | D:9      | Killed a troll
 10371 | D:9      | Noticed a two-headed ogre
 10379 | D:9      | Killed a two-headed ogre
 10380 | D:9      | Reached XP level 10. HP: 99/99 MP: 7/9
 10539 | D:9      | Reached skill level 5 in Armour
 10623 | D:9      | Found Quyraxa's Gadget Gallery.
 10645 | D:9      | Found Kace's Armour Shop.
 10649 | D:9      | Bought a +3 chain mail of positive energy for 352 gold
                  | pieces
 11096 | D:10     | Entered Level 10 of the Dungeon
 11398 | D:10     | Noticed Joseph
 11409 | D:10     | Killed Joseph
 11545 | D:10     | Found a sparkling altar of Nemelex Xobeh.
 11685 | D:11     | Noticed a boulder beetle
 11753 | D:11     | Killed a boulder beetle
 12344 | D:11     | Found a runed translucent door.
 12345 | D:11     | Noticed Uilleam's ghost (journeyman MiAK)
 12374 | D:11     | Killed Uilleam's ghost
 12670 | Temple   | Entered the Ecumenical Temple
 13058 | Lair:1   | Entered Level 1 of the Lair of Beasts
 13058 | Lair:1   | Noticed a cane toad
 13062 | Lair:1   | Killed a cane toad
 13063 | Lair:1   | Reached XP level 11. HP: 108/108 MP: 10/10
 14552 | Lair:2   | Found a hole to the Spider Nest.
 14651 | Lair:2   | Found a staircase to the Shoals.
 15782 | Lair:3   | Reached skill level 15 in Fighting
 15782 | Lair:3   | Reached skill level 10 in Armour
 15783 | Lair:3   | Reached skill level 15 in Axes
 15833 | Lair:3   | Identified the +3 falchion "Gowod" {pain, rElec rC+ Str+2}
 15987 | Lair:3   | Noticed Urug
 16002 | Lair:3   | Killed Urug
 16223 | Lair:3   | Noticed an oklob plant
 16223 | Lair:3   | Noticed an oklob plant
 16327 | Lair:3   | Found a hide-covered altar of Uskayaw.
 16328 | Lair:3   | Noticed an oklob plant
 16399 | Lair:3   | Noticed an oklob plant
 16402 | Lair:3   | Noticed an oklob plant
 16423 | Lair:3   | Killed from afar by an oklob plant

Illustrated notes

Levels and vault maps discovered:
D:1:      dpeg_arrival_arbitrary_c, layout_basic
D:2:      layout_basic, dreamdust_ecumenical_altar_statues, basic_altar,
          roderic_roman_lattice
D:3:      layout_basic, grunt_qazlal_clouds
D:4:      layout_cave_pools, eat_drink_and_be_merry_uskayaw,
          mainiacjoe_overflow_alcove_1
D:5:      layout_basic, nicolae_tso_carved_into_rock, general_overflow_altar,
          nicolae_elevator_lobby_plus
D:6:      layout_basic, grunt_gozag_statues, mainiacjoe_overflow_tiny_flanked,
          jmf_multi_god_temple, nicolae_ossuary_entry_giza,
          lightli_sewer_entry_pipes, grunt_ministairs_10, uniq_prince_ribbit1
D:7:      layout_basic, minmay_temple_entry_slanted, minmay_starry_boxes,
          uniq_crazy_yiuf_cottage
D:8:      layout_loops_corners, palyth_temple_overflow_mages, lair_entry_dummy
D:9:      layout_basic, serial_shops, kennysheep_mini, nicolae_shop_gadgets
D:10:     layout_basic, nemelex_diamond_rough_becter, minmay_gold_behind_fungi,
          uniq_joseph
D:11:     layout_rooms, ebering_ghost_reflecting_pool, grunt_decor_cap
Temple:   jpeg_temple_island
Lair:1:   layout_cave_pods, fungi_pond_lemuel, grunt_megastairs_5
Lair:2:   layout_regular_city, shoals_dummy_entry, dummy_spider_entry,
          grunt_megastairs_2
Lair:3:   minmay_lair_oklob_chamber, layout_cave_pods, lemuel_oklob_altar,
          uniq_nergalle, uniq_urug

Skill      XL: |  1  2  3  4  5  6  7  8  9 10 11 |
---------------+----------------------------------+-----
Fighting       | 4 5 6 7 8 10 12 13 15 | 15.2
Axes           | 4 5 6 7 8 10 12 13 15 | 15.1
Armour         | 4 7 10 | 10.3
Dodging        | |  2.1

Action                   |  1- 3 |  4- 6 |  7- 9 | 10-12 || total
-------------------------+-------+-------+-------+-------++-------
Melee: Hand axe          |    81 |    84 |   132 |   279 ||   576
       Headbutt          |    13 |    13 |    47 |    71 ||   144
       Punch             |       |       |     1 |       ||     1
       War axe           |       |       |   137 |       ||   137
Invok: Berserk           |       |     3 |    12 |    14 ||    29
       Brothers in Arms  |       |       |       |     1 ||     1
  Use: Scroll            |     1 |     6 |     9 |     5 ||    21
 Stab: Sleeping          |     1 |       |       |       ||     1
Armor: Animal skin       |    19 |    23 |       |       ||    42
       Ring mail         |       |     9 |    34 |       ||    43
       Scale mail        |       |       |    52 |     5 ||    57
       Chain mail        |       |       |       |    92 ||    92
Dodge: Dodged            |    55 |    45 |   100 |    49 ||   249
Block: Kite shield       |       |       |       |    54 ||    54
